 Dungeon Crawl Stone Soup version 0.30.1-4-g462c640d31 (webtiles) character file.

Game seed: 9239246934430390966

555 Anandil the Trooper (level 7, -14/56 HPs)
             Began as a Demonspawn Fighter on Aug 11, 2023.
             Demolished by an ogre
             ... wielding a +0 giant spiked club
              (23 damage)
             ... on level 5 of the Dungeon.
             The game lasted 00:04:38 (4039 turns).

Anandil the Trooper (Demonspawn Fighter)            Turns: 4039, Time: 00:04:39

Health: -14/56     AC: 12    Str: 18    XL:     7   Next: 8%
Magic:  7/7        EV:  7    Int: 10    God:
Gold:   199        SH:  5    Dex: 12    Spells: 6/6 levels left

rFire   . . .        a - +0 trident
rCold   . . .        c - +0 buckler
rNeg    . . .        d - +0 chain mail
rPois   .            (helmet restricted)
rElec   .            (no cloak)
rCorr   .            t - +2 pair of gloves
SInv    .            (no boots)
Will    .....        (no amulet) Stlth
                     (no ring)
HPRegen 0.29/turn    (no ring)
MPRegen 0.20/turn

%: no passive effects
@: no status effects
A: antennae 1, magic regeneration
a: no special abilities


You were on level 5 of the Dungeon.
You visited 1 branch of the dungeon, and saw 5 of its levels.

You collected 199 gold pieces.

Inventory:

Hand Weapons
 a - a +0 trident (weapon)
Armour
 c - a +0 buckler (worn)
 d - a +0 chain mail (worn)
 t - a +2 pair of gloves (worn)
Jewellery
 i - a +4 ring of protection
Wands
 m - a wand of charming (6)
Scrolls
 g - a scroll of teleportation
 j - a scroll of enchant armour
 k - a scroll of magic mapping
 n - a scroll of poison {unknown}
 o - a scroll of fear {unknown}
 p - a scroll of immolation {unknown}
 s - a scroll of noise {unknown}
 v - a scroll of amnesia {unknown}
Potions
 b - a potion of curing {unknown}
 e - 2 potions of brilliance
 f - 4 potions of attraction
 h - 2 potions of cancellation
 l - 2 potions of degeneration
 q - a potion of heal wounds {unknown}
 r - a potion of lignification {unknown}


   Skills:
 + Level 5.0 Fighting
 + Level 3.8 Polearms
 + Level 4.4 Armour
 - Level 4.0 Shields


You had 6 spell levels left.
You didn't know any spells.
Your spell library was empty.

Dungeon Overview and Level Annotations

Branches:
Dungeon (5/15)
 Temple: D:4-7

Altars:
Dithmenos
Gozag
Uskayaw
Yredelemnul

Shops:
D:2 *


Innate Abilities, Weirdness & Mutations

You have a pair of small antennae on your head.
You regenerate magic rapidly.


Message History

You are too injured to fight recklessly!
You are too injured to fight recklessly!
You are too injured to fight recklessly!
You are too injured to fight recklessly!
You are too injured to fight recklessly!
You are too injured to fight recklessly!
You are too injured to fight recklessly!
You are too injured to fight recklessly!
You are too injured to fight recklessly!
You are too injured to fight recklessly!
You are too injured to fight recklessly!
You are too injured to fight recklessly!
You are too injured to fight recklessly!
You are too injured to fight recklessly!
You are too injured to fight recklessly!
You are too injured to fight recklessly!
You are too injured to fight recklessly!
You are too injured to fight recklessly!
You are too injured to fight recklessly!
You are too injured to fight recklessly!
You are too injured to fight recklessly!
You are too injured to fight recklessly!
You are too injured to fight recklessly!
You are too injured to fight recklessly!
You are too injured to fight recklessly!
You are too injured to fight recklessly!
You hit the ogre.
The ogre is moderately wounded.
The ogre hits you with a +0 giant spiked club!
* * * LOW HITPOINT WARNING * * *
You puncture the ogre!
The ogre is heavily wounded.
The ogre hits you with a +0 giant spiked club!
* * * LOW HITPOINT WARNING * * *
You hit the ogre but do no damage.
The ogre is heavily wounded.
You puncture the ogre!
The ogre is severely wounded.
The ogre hits you with a +0 giant spiked club!!
You die...

#..........
#####.########
###
#.............
...
###.#............
#.##.......... #
#.######.### #.#
##.....##
#.###O8...8.#
#..##@......#
#......._....
#.###.......# #.#
#.8...8.# #.#
##.....## #..
##.### ### .# ..
.


You could see an ogre.

Vanquished Creatures
  Sigmund (D:2)
  A bullfrog (D:4)
  A scorpion (D:4)
  A howler monkey (D:4)
  A hound (D:4)
  An orc priest (D:3)
  A sleepcap (D:4)
  An orc wizard (D:3)
  5 adders
  An ufetubus (D:4)
  A worm (D:4)
  A dart slug (D:4)
  7 orcs
  6 endoplasms
  5 giant cockroaches
  5 hobgoblins
  3 jackals (D:1)
  6 ball pythons
  A bat (D:2)
  5 frilled lizards
  6 goblins
  7 kobolds
  6 rats
  A spectral orc (D:3)
74 creatures vanquished.

Notes
Turn   | Place    | Note
-------+----------+-------------------------------------------
     0 | D:1      | Anandil the Demonspawn Fighter began the quest for the Orb.
     0 | D:1      | Reached XP level 1. HP: 18/18 MP: 1/1
   314 | D:1      | Gained mutation: You regenerate magic rapidly. [demonic
                  | ancestry]
   314 | D:1      | Reached XP level 2. HP: 24/24 MP: 2/2
  1064 | D:2      | Reached XP level 3. HP: 27/29 MP: 3/3
  1082 | D:2      | Found a hide-covered altar of Uskayaw.
  1237 | D:2      | Noticed Sigmund
  1295 | D:2      | Killed Sigmund
  1296 | D:2      | Reached skill level 4 in Fighting
  1296 | D:2      | Reached XP level 4. HP: 15/37 MP: 4/4
  1296 | D:2      | Gained mutation: You have a pair of small antennae on your
                  | head. [demonic ancestry]
  1296 | D:2      | Reached XP level 5. HP: 17/42 MP: 5/5
  1489 | D:2      | Found Seiffig's General Store.
  2230 | D:3      | Reached XP level 6. HP: 31/45 MP: 6/6
  2511 | D:3      | Found a basalt altar of Yredelemnul.
  3098 | D:4      | Found a shadowy altar of Dithmenos.
  3698 | D:4      | Reached XP level 7. HP: 38/55 MP: 7/7
  3777 | D:4      | Reached skill level 5 in Fighting
  4004 | D:5      | Entered Level 5 of the Dungeon
  4024 | D:5      | Found an opulent altar of Gozag.
  4039 | D:5      | Demolished by an ogre

Illustrated notes

Levels and vault maps discovered:
D:1:      dpeg_arrival_castle, layout_basic
D:2:      layout_loops_ring, serial_shops, nicolae_shop_tiny_statue_garden,
          basic_altar, glass_columns_a, uniq_sigmund
D:3:      layout_loops_ring, yredelemnul_forgotten_temple_becter
D:4:      layout_basic, nicolae_dithmenos_through_a_glass_darkly
D:5:      layout_basic, marbit_many_paths, grunt_gozag_statues

Skill      XL: |  1  2  3  4  5  6  7 |
---------------+----------------------+-----
Polearms       | 2 3 |  3.8
Shields        | 3 4 |  4.0
Armour         | 3 4 |  4.4
Fighting       | 4 5 |  5.0

Action                     |  1- 3 |  4- 6 |  7- 9 || total
---------------------------+-------+-------+-------++-------
  Melee: Trident           |    98 |   214 |    15 ||   327
    Use: Scroll            |     4 |     1 |     1 ||     6
         Potion            |     1 |     2 |       ||     3
 Armour: Scale mail        |    25 |    14 |       ||    39
         Chain mail        |       |    92 |       ||    92
  Dodge: Dodged            |    32 |    72 |     2 ||   106
  Block: Buckler           |    17 |    49 |       ||    66
